 Dungeon Crawl Stone Soup version 0.24.0-13-gcf9b319 (webtiles) character file.

Game seed: 7151850661465159065, levelgen mode: deterministic

156 Fang the Skirmisher (level 5, -2/34 HPs)
             Began as a Gargoyle Fighter on Jan 2, 2020.
             Killed from afar by an orc wizard (12 damage)
             ... with a puff of flame
             ... on level 3 of the Dungeon.
             The game lasted 00:02:32 (1573 turns).

Fang the Skirmisher (Gargoyle Fighter)              Turns: 1573, Time: 00:02:33

Health: -2/34      AC: 13    Str: 25    XL:     5   Next: 37%
Magic:  5/5        EV:  6    Int:  9    God:
Gold:   59         SH: 10    Dex:  9    Spells: 4/4 levels left

rFire    . . .     SeeInvis .   a - +0 war axe
rCold    . . .     Gourm    .   B - +0 shield
rNeg     + . .     Faith    .   b - +0 chain mail
rPois    ∞         Spirit   .   (no helmet)
rElec    +         Reflect  .   (no cloak)
rCorr    .         Harm     .   (no gloves)
MR       .....                  (no boots)
Stlth    ..........             (no amulet)
HPRegen  0.11/turn              (no ring)
MPRegen  0.09/turn              (no ring)

@: mighty
A: negative energy resistance 1, electricity resistance, unbreathing,
petrification resistance, rot immunity, AC +4
a: no special abilities


You were on level 3 of the Dungeon.
You were hungry.

You visited 1 branch of the dungeon, and saw 3 of its levels.

You collected 59 gold pieces.

Inventory:

Hand Weapons
 a - a +0 war axe (weapon)
Armour
 b - a +0 chain mail (worn)
 B - a +0 shield (worn)
Jewellery
 n - an uncursed amulet of magic regeneration {unknown}
Scrolls
 e - a scroll of remove curse {unknown}
 g - 2 scrolls of identify {unknown}
 h - a scroll of enchant armour {unknown}
 i - a scroll of blinking {unknown}
 l - 2 scrolls of magic mapping {unknown}
Potions
 j - 2 potions of curing {unknown}
 k - a potion of cancellation {unknown}
 m - a potion of heal wounds {unknown}
 o - a potion of invisibility {unknown}
 p - a potion of haste {unknown}
Comestibles
 c - 3 rations
 f - 6 chunks of flesh


   Skills:
 + Level 4.3 Fighting
 + Level 2.8 Axes
 + Level 4.3 Armour
 + Level 4.2 Shields


You had 4 spell levels left.
You didn't know any spells.
Your spell library was empty.

Dungeon Overview and Level Annotations

Branches:
Dungeon (3/15)

Altars:
Gozag
Qazlal
Sif Muna
Vehumet


Innate Abilities, Weirdness & Mutations

You are resistant to torment.
Your stone body is resilient. (AC +4)
You are immune to poison.
You resist negative energy. (rN+)
You are resistant to electric shocks. (rElec)
You can survive without breathing.
You are immune to petrification.
You are immune to rotting.


Message History

You kill the hobgoblin!
You hit the orc wizard but do no damage.
The orc wizard barely misses you.
You are too injured to fight recklessly!
You hit the orc wizard.
The orc wizard is heavily wounded.
The orc wizard barely misses you.
The orc wizard hits you but does no damage.
You are too injured to fight recklessly!
You barely miss the orc wizard.
The orc wizard is heavily wounded.
The orc wizard hits you but does no damage.
You are too injured to fight recklessly!
You slash the orc wizard!
The orc wizard is almost dead.
The orc wizard casts a spell.
The orc wizard seems to speed up.
The orc wizard gestures at you while chanting.
The puff of flame hits you!
You die...

#..# #..# #..# ...# ...#
...#############
..(............# ##
...###########.####..###.
...# #......@o.......
#.## #.###.###.#.###. #.#
#.# .# #.## #.# g# ...##
#.. .# ....## ##. .#
.....## . .# ......# .#
......+


You could see an orc wizard.

Vanquished Creatures
  An orc warrior (D:3)
  2 worms (D:2)
  A dart slug (D:1)
  2 leopard geckos (D:2)
  2 orcs (D:3)
  11 bats
  A giant cockroach (D:1)
  5 goblins
  4 hobgoblins
  6 jackals (D:2)
  5 kobolds
  A ball python (D:1)
  3 frilled lizards
  3 rats
47 creatures vanquished.

Notes
Turn   | Place    | Note
-------+----------+-------------------------------------------
     0 | D:1      | Fang the Gargoyle Fighter began the quest for the Orb.
     0 | D:1      | Reached XP level 1. HP: 14/14 MP: 1/1
   206 | D:1      | Reached XP level 2. HP: 19/19 MP: 2/2
   650 | D:1      | Reached XP level 3. HP: 22/24 MP: 3/3
  1050 | D:2      | Found a shimmering blue altar of Sif Muna.
  1051 | D:2      | Found an opulent altar of Gozag.
  1051 | D:2      | Found a stormy altar of Qazlal.
  1448 | D:2      | Found a radiant altar of Vehumet.
  1549 | D:3      | Reached XP level 4. HP: 29/29 MP: 4/4
  1556 | D:3      | Noticed an orc warrior
  1567 | D:3      | Killed an orc warrior
  1567 | D:3      | Reached XP level 5. HP: 9/34 MP: 5/5
  1573 | D:3      | Killed from afar by an orc wizard

Levels and vault maps discovered:
D:1:      lemuel_arrival_broad_hall, layout_loops_corners, serial_glass,
          glass_columns_a, glass_columns_b, glass_columns_b, item_on_display_a,
          item_on_display_a, minmay_strange_pillars
D:2:      layout_rooms, vehumet_crystals, minitemple
D:3:      layout_loops_corners, serial_bayou_lagoon_a

Skill      XL: |  1  2  3  4 |
---------------+-------------+-----
Axes           | 2 |  2.8
Fighting       | 4 |  4.3
Armour         | 4 |  4.3
Shields        | 4 |  4.2

Action                   |  1- 3 |  4- 6 || total
-------------------------+-------+-------++-------
Melee: War axe           |   145 |    17 ||   162
  Use: Potion            |       |     1 ||     1
  Eat: Chunk             |     2 |       ||     2
Armor: Scale mail        |    51 |       ||    51
       Chain mail        |    56 |     3 ||    59
Dodge: Dodged            |    40 |     5 ||    45
Block: Shield            |   100 |     4 ||   104
